[Event "FIDE World Rapid-ch Open 2018"]
[White "Mikhalevski, Victor"]
[Black "Aronian, Levon"]
[Site "St. Petersburg"]
[Round "15.60"]
[Annotator "ChessBase"]
[Result "0-1"]
[Date "2018.12.28"]
[WhiteElo "2579"]
[BlackElo "2765"]
[PlyCount "102"]
[TimeControl "900+10"]

1. d4 Nf6 2. Nf3 e6 3. c4 d5 4. g3 dxc4 5. Bg2 Nc6 6. Qa4 Bb4+ 7. Bd2 Nd5 8. Bxb4 Ndxb4 9. Na3 0-0 10. 0-0 a6 11. Ne5 Nxe5 12. dxe5 Qe7 13. Nxc4 Bd7 14. Qb3 Rab8 15. a3 Nc6 16. Qc3 Rfd8 17. Rac1 Be8 18. e3 h6 19. h4 Na7 20. Na5 c5 21. Nc4 Bc6 22. Bxc6 Nxc6 23. Nb6 Qc7 24. Qxc5 Qxe5 25. Qxe5 Nxe5 26. Rfd1 g5 27. hxg5 hxg5 28. Kf1 Kg7 29. Ke2 Rxd1 30. Rxd1 Rh8 31. Rd4 f5 32. Nc4 Ng4 33. Rd7+ Kf6 34. f3 Rh2+ 35. Ke1 b5 36. fxg4 bxc4 37. gxf5 Kxf5 38. Rd4 Rxb2 39. Rxc4 Rb3 40. Ra4 Rxe3+ 41. Kf2 Rb3 42. Rxa6 e5 43. Ra4 e4 44. Ra5+ Kg4 45. Re5 Rf3+ 46. Ke2 Rxa3 47. Kf2 Rf3+ 48. Ke2 Rf5 49. Rxe4+ Kxg3 50. Re3+ Kg2 51. Re4 Rf4 0-1

[Event "FIDE World Rapid-ch Open 2018"]
[White "Miton, Kamil"]
[Black "Oganian, Miran"]
[Site "St. Petersburg"]
[Round "15.61"]
[Annotator "ChessBase"]
[Result "1/2-1/2"]
[Date "2018.12.28"]
[WhiteElo "2588"]
[BlackElo "2423"]
[PlyCount "66"]
[TimeControl "900+10"]

1. d4 Nf6 2. c4 e6 3. g3 d5 4. Bg2 Be7 5. Nf3 0-0 6. 0-0 dxc4 7. Nc3 Nc6 8. e3 Rb8 9. Qa4 a6 10. Qxc4 b5 11. Qe2 Bb7 12. Rd1 Qc8 13. e4 Rd8 14. Bf4 Nh5 15. Be3 Nf6 16. Bg5 h6 17. Bxf6 Bxf6 18. e5 Be7 19. d5 Nb4 20. dxe6 Qxe6 21. Nd4 Qg6 22. Bxb7 Rxb7 23. Qf3 Rbb8 24. Nf5 Bf8 25. Qe4 c6 26. Ne2 Nd5 27. Rac1 Rbc8 28. Rd3 Re8 29. Ned4 Nf6 30. Qf4 Nd5 31. Qe4 Nf6 32. Qf4 Nd5 33. Qe4 Nf6 1/2-1/2

[Event "FIDE World Rapid-ch Open 2018"]
[White "Nozdrachev, Vladislav"]
[Black "Gareyev, Timur"]
[Site "St. Petersburg"]
[Round "15.62"]
[Annotator "ChessBase"]
[Result "0-1"]
[Date "2018.12.28"]
[WhiteElo "2486"]
[BlackElo "2569"]
[PlyCount "66"]
[TimeControl "900+10"]

1. e4 e5 2. Nf3 Nc6 3. Bc4 Bc5 4. d3 Nf6 5. c3 d6 6. a4 a6 7. 0-0 Ba7 8. Re1 0-0 9. h3 Ne7 10. Nbd2 c6 11. Bb3 Ng6 12. d4 Re8 13. a5 h6 14. Bc2 Nh5 15. Nxe5 dxe5 16. Qxh5 exd4 17. Nf3 c5 18. cxd4 cxd4 19. Bd3 Be6 20. e5 Qe7 21. Nh2 Rac8 22. Ng4 Rxc1 23. Raxc1 Nf4 24. Nf6+ Qxf6 25. exf6 Nxh5 26. Rc7 Nf4 27. Bf1 d3 28. Rxb7 Bc5 29. b4 Bd4 30. Re4 Rd8 31. Rxf4 Be5 32. Bxd3 Rxd3 33. g3 Rd1+ 0-1

[Event "FIDE World Rapid-ch Open 2018"]
[White "Zvjaginsev, Vadim"]
[Black "Gutenev, Alexander"]
[Site "St. Petersburg"]
[Round "15.63"]
[Annotator "ChessBase"]
[Result "1/2-1/2"]
[Date "2018.12.28"]
[WhiteElo "2642"]
[BlackElo "2456"]
[PlyCount "152"]
[TimeControl "900+10"]

1. e4 c5 2. Nc3 Nc6 3. Bb5 Nd4 4. Nf3 e6 5. 0-0 a6 6. Bd3 Nc6 7. e5 d6 8. exd6 Nf6 9. Ne4 Nxe4 10. Bxe4 Qxd6 11. b3 Be7 12. Ba3 Qc7 13. d4 Nxd4 14. Nxd4 cxd4 15. Bxe7 Qxe7 16. Qxd4 0-0 17. Rad1 e5 18. Qd6 Qxd6 19. Rxd6 Rb8 20. c4 b6 21. Rfd1 Be6 22. f3 Rfc8 23. Bb7 Re8 24. Bxa6 Kf8 25. Bb5 Rec8 26. Kf2 Ke7 27. a4 Rc7 28. Ke3 h5 29. h4 f6 30. Bc6 Rbc8 31. Be4 f5 32. Bb1 Rb8 33. R1d2 g6 34. Bc2 Rd7 35. Rxd7+ Bxd7 36. Rd5 Ke6 37. Rd2 Bc6 38. Bd1 g5 39. hxg5 f4+ 40. Kf2 Rg8 41. b4 Rxg5 42. Bb3 Ke7 43. b5 Be8 44. c5 e4 45. Rd4 e3+ 46. Ke1 Rxc5 47. Rxf4 Rc3 48. Bc4 Bg6 49. Ke2 Ra3 50. Bd5 Bd3+ 51. Kxe3 Bxb5+ 52. Kf2 Rxa4 53. Rf5 h4 54. Be4 Ra2+ 55. Kg1 Bd7 56. Rh5 h3 57. gxh3 b5 58. h4 Kf6 59. Rd5 Be8 60. Rd6+ Ke5 61. Rd8 Bf7 62. h5 Ra6 63. Rb8 Rh6 64. Rxb5+ Kf6 65. Rb6+ Kg7 66. Rb7 Rxh5 67. Kf2 Re5 68. Ke3 Kf6 69. Kd4 Re7 70. Rb6+ Re6 71. Rb5 Rd6+ 72. Ke3 Bg6 73. Bd5 Bf7 74. Bb7 Be8 75. Rb4 Bc6 76. Bc8 Bd7 1/2-1/2

[Event "FIDE World Rapid-ch Open 2018"]
[White "Huzman, Alexander"]
[Black "Vishnu Prasanna. V"]
[Site "St. Petersburg"]
[Round "15.64"]
[Annotator "ChessBase"]
[Result "0-1"]
[Date "2018.12.28"]
[WhiteElo "2580"]
[BlackElo "2518"]
[PlyCount "68"]
[TimeControl "900+10"]

1. d4 Nf6 2. Nf3 g6 3. c4 Bg7 4. g3 0-0 5. Bg2 d6 6. 0-0 Nbd7 7. Nc3 e5 8. b3 Re8 9. e3 c6 10. Ba3 e4 11. Nd2 d5 12. Qc1 a6 13. cxd5 cxd5 14. Na4 b5 15. Nc5 Nb8 16. b4 h5 17. h3 Ra7 18. Qd1 h4 19. g4 Bh6 20. Rc1 Nh7 21. Ncxe4 dxe4 22. Nxe4 Bb7 23. Nc3 Bxg2 24. Kxg2 Ng5 25. Qd3 Rc7 26. d5 Rc4 27. Ne2 Nc6 28. f4 Rce4 29. Rc2 Rxe3 30. Qd1 Qe7 31. fxg5 Qe4+ 32. Kh2 Bg7 33. Nf4 Nd4 34. Rcf2 Rxa3 0-1

[Event "FIDE World Rapid-ch Open 2018"]
[White "Yilmaz, Mustafa"]
[Black "Sanal, Vahap"]
[Site "St. Petersburg"]
[Round "15.65"]
[Annotator "ChessBase"]
[Result "1/2-1/2"]
[Date "2018.12.28"]
[WhiteElo "2636"]
[BlackElo "2490"]
[PlyCount "182"]
[TimeControl "900+10"]

1. Nf3 Nf6 2. c4 e6 3. Nc3 d5 4. e3 c5 5. cxd5 exd5 6. d4 Nc6 7. Be2 Be7 8. 0-0 0-0 9. dxc5 Bxc5 10. b3 Be6 11. Bb2 a6 12. Rc1 Bd6 13. Nd4 Qb8 14. g3 Nxd4 15. Qxd4 Be5 16. Qd3 Rd8 17. Rfd1 Ne4 18. Na4 Bxb2 19. Nxb2 Qd6 20. Qd4 Qa3 21. Bd3 Nf6 22. Na4 Rac8 23. Qb2 Qxb2 24. Nxb2 Bg4 25. Re1 Kf8 26. Kg2 d4 27. Rxc8 Bxc8 28. e4 b5 29. Rc1 Be6 30. Rc6 Bc8 31. Rc7 Ne8 32. Rc5 Bb7 33. f3 f6 34. Kf2 Ke7 35. a4 bxa4 36. Nxa4 Rc8 37. Ke2 Kd6 38. b4 Rc7 39. Bc4 h6 40. Kd3 Bc6 41. Nb2 Ra7 42. Kxd4 Nc7 43. f4 Bb5 44. e5+ fxe5+ 45. Rxe5 Ra8 46. h4 Rd8 47. h5 Kc6+ 48. Kc3 Bxc4 49. Rc5+ Kb7 50. Nxc4 Nb5+ 51. Kc2 Nd4+ 52. Kb2 Nc6 53. Na5+ Nxa5 54. bxa5 Rd3 55. g4 Rd4 56. Rf5 Kc6 57. Kc3 Ra4 58. Kd3 Kd6 59. Ke3 Ra3+ 60. Ke4 Ra4+ 61. Kf3 Ra3+ 62. Kf2 Ke6 63. Rc5 Kd6 64. Re5 Kd7 65. f5 Ra2+ 66. Kg3 Ra3+ 67. Kh4 Ra4 68. Re6 Rxa5 69. Rg6 Ra1 70. Rxg7+ Kd6 71. Kg3 Ra3+ 72. Kf4 Ra4+ 73. Ke3 Ra3+ 74. Kd4 Ra4+ 75. Kc3 Ke5 76. Kb3 Rd4 77. Re7+ Kf4 78. Kc3 Ra4 79. Rg7 Ke5 80. Rg6 a5 81. Re6+ Kd5 82. Rxh6 Rxg4 83. Ra6 Ke5 84. f6 Rf4 85. h6 Rxf6 86. h7 Rf3+ 87. Kc4 Rh3 88. Rxa5+ Kf6 89. Ra7 Kg6 90. Kd4 Rxh7 91. Rxh7 Kxh7 1/2-1/2

[Event "FIDE World Rapid-ch Open 2018"]
[White "Teterev, Vitaly"]
[Black "Sychev, Klementy"]
[Site "St. Petersburg"]
[Round "15.66"]
[Annotator "ChessBase"]
[Result "1/2-1/2"]
[Date "2018.12.28"]
[WhiteElo "2486"]
[BlackElo "2537"]
[PlyCount "89"]
[TimeControl "900+10"]

1. Nf3 Nf6 2. g3 d5 3. Bg2 g6 4. 0-0 Bg7 5. d4 0-0 6. c4 Nc6 7. cxd5 Nxd5 8. e4 Nb6 9. d5 Na5 10. Qe1 Nac4 11. Nc3 e6 12. b3 Qf6 13. bxc4 Qxc3 14. Qxc3 Bxc3 15. Rb1 Nxc4 16. Bh6 Bg7 17. Bxg7 Kxg7 18. Rfc1 exd5 19. exd5 Nb6 20. Nd4 Rd8 21. Rc5 a6 22. h3 Rd6 23. Rbc1 Rb8 24. Rxc7 Bd7 25. R7c5 Rd8 26. Ne2 Rc8 27. Rxc8 Bxc8 28. Nc3 f5 29. a4 Bd7 30. a5 Nc8 31. Ne2 b6 32. axb6 Nxb6 33. Rc5 Kf6 34. Nd4 Na4 35. Ra5 Nc3 36. Nc6 Bc8 37. Rc5 Na4 38. Ra5 Nc3 39. Rc5 Na4 40. Ra5 Nc3 41. Rc5 Na4 42. Rc4 Nb6 43. Rc5 Na4 44. Ra5 Nc3 45. Rc5 1/2-1/2

[Event "FIDE World Rapid-ch Open 2018"]
[White "Popov, Ivan"]
[Black "Kazhgaleyev, Murtas"]
[Site "St. Petersburg"]
[Round "15.67"]
[Annotator "ChessBase"]
[Result "1-0"]
[Date "2018.12.28"]
[WhiteElo "2592"]
[BlackElo "2587"]
[PlyCount "77"]
[TimeControl "900+10"]

1. e4 e5 2. Nf3 d6 3. d4 exd4 4. Nxd4 Nf6 5. Nc3 Be7 6. Bf4 0-0 7. Qd2 c6 8. 0-0-0 b5 9. f3 b4 10. Nce2 c5 11. Nf5 Bxf5 12. exf5 Nc6 13. g4 Qa5 14. Kb1 c4 15. Nd4 Nxd4 16. Qxd4 d5 17. g5 Bc5 18. Qd2 Nh5 19. Be5 Rad8 20. f6 Rfe8 21. f4 Qb6 22. Re1 b3 23. axb3 cxb3 24. Bd3 g6 25. cxb3 Bb4 26. Bc3 Bxc3 27. Qxc3 Nxf4 28. Rxe8+ Rxe8 29. Re1 Ne6 30. h4 Rb8 31. Bc2 Qf2 32. h5 d4 33. Qa5 d3 34. Bxd3 Rxb3 35. Qd8+ Nf8 36. Re2 Qg3 37. Bc4 Qg1+ 38. Ka2 Rb7 39. Re7 1-0

[Event "FIDE World Rapid-ch Open 2018"]
[White "Anikonov, Dmitry"]
[Black "Reshetnikov, Alexey"]
[Site "St. Petersburg"]
[Round "15.68"]
[Annotator "ChessBase"]
[Result "1/2-1/2"]
[Date "2018.12.28"]
[WhiteElo "2371"]
[BlackElo "2492"]
[PlyCount "73"]
[TimeControl "900+10"]

1. d4 d5 2. c4 c6 3. cxd5 cxd5 4. Bg5 Nc6 5. Nc3 Nf6 6. Bxf6 gxf6 7. e3 e6 8. Bd3 Qb6 9. Qd2 Bd7 10. Nge2 Na5 11. 0-0 f5 12. Nf4 Rc8 13. Rfc1 Bd6 14. Nh5 Be7 15. b3 Qd8 16. Na4 Rxc1+ 17. Rxc1 b6 18. Nc3 Ba3 19. Rc2 Qg5 20. Nf4 Bd6 21. Nb5 Bxb5 22. Bxb5+ Ke7 23. b4 Nb7 24. Ba6 Rb8 25. a3 Kf8 26. Qc1 Nd8 27. Nd3 Qe7 28. g3 f6 29. Nf4 Kg7 30. Kg2 Kf8 31. h4 Kg7 32. h5 Nf7 33. Rc6 Rd8 34. Nd3 Ng5 35. Rc8 Rxc8 36. Bxc8 Nf7 37. Qc6 1/2-1/2

[Event "FIDE World Rapid-ch Open 2018"]
[White "Popov, Valerij"]
[Black "Yeritsyan, Aram"]
[Site "St. Petersburg"]
[Round "15.69"]
[Annotator "ChessBase"]
[Result "1-0"]
[Date "2018.12.28"]
[WhiteElo "2532"]
[BlackElo "2372"]
[PlyCount "139"]
[TimeControl "900+10"]

1. c4 Nf6 2. Nf3 e6 3. Nc3 Bb4 4. g4 Nxg4 5. Rg1 Nh6 6. Rxg7 Nf5 7. Rg1 b6 8. e4 Nh4 9. a3 Be7 10. Nxh4 Bxh4 11. d4 Bb7 12. Be3 d6 13. Qh5 Nd7 14. e5 Nf8 15. 0-0-0 Qe7 16. c5 d5 17. Nb5 Ng6 18. f4 a6 19. Nc3 0-0-0 20. b4 b5 21. f5 exf5 22. Bh3 Kb8 23. Bxf5 Bc8 24. Bxc8 Kxc8 25. Bg5 Bxg5+ 26. Qxg5 Qxg5+ 27. Rxg5 f6 28. exf6 c6 29. Rf1 Rhf8 30. Ne2 Rde8 31. Ng3 Re6 32. f7 Kc7 33. Rh5 Rh8 34. Kd2 Kd7 35. a4 Ke7 36. Nf5+ Kxf7 37. Nd6+ Kg8 38. Rhf5 Kg7 39. Rf7+ Kh6 40. Ra7 Rg8 41. Rxa6 bxa4 42. Rxc6 Kh5 43. Rf5+ Kg4 44. Rf2 Ra8 45. b5 a3 46. Ra6 Rxa6 47. bxa6 Re7 48. Nb5 a2 49. Rf1 Nh4 50. a7 Nf3+ 51. Kc3 Re3+ 52. Kc2 Re2+ 53. Kd3 Ne1+ 54. Rxe1 Rxe1 55. a8=Q a1=Q 56. Qg8+ Kf4 57. Qf7+ Kg4 58. Qg7+ Kf4 59. Qf6+ Kg4 60. Nc3 Re3+ 61. Kxe3 Qxc3+ 62. Kf2 Qd2+ 63. Kf1 Qd3+ 64. Kg2 Qe4+ 65. Kg1 Kh3 66. Qf1+ Kh4 67. Qf6+ Kh3 68. Qh6+ Kg4 69. Qg7+ Kh3 70. Qg3# {[%emt 0:0:2] Kh4} 1-0

[Event "FIDE World Rapid-ch Open 2018"]
[White "Kevlishvili, Robby"]
[Black "Geller, Jakov"]
[Site "St. Petersburg"]
[Round "15.70"]
[Annotator "ChessBase"]
[Result "1-0"]
[Date "2018.12.28"]
[WhiteElo "2451"]
[BlackElo "2518"]
[PlyCount "103"]
[TimeControl "900+10"]

1. e4 c5 2. Nf3 e6 3. d4 cxd4 4. Nxd4 Nc6 5. Nc3 Qc7 6. Be3 a6 7. Be2 Nf6 8. a3 d6 9. f4 Be7 10. g4 h6 11. h4 d5 12. e5 Ne4 13. Nxe4 dxe4 14. Qd2 Bd7 15. 0-0-0 Nxd4 16. Bxd4 Rc8 17. Kb1 Ba4 18. Rc1 Bc6 19. Qe3 b5 20. f5 Bd5 21. f6 gxf6 22. exf6 Bc5 23. c3 e5 24. Bxc5 Qxc5 25. Qxc5 Rxc5 26. Rhd1 e3 27. b4 Be4+ 28. Kb2 Rc6 29. c4 Rxf6 30. Rc3 bxc4 31. Rxe3 Rf4 32. Rf1 Rxf1 33. Bxf1 Bd3 34. Bxd3 cxd3 35. Rxe5+ Kd7 36. Kc3 Rg8 37. g5 hxg5 38. Rxg5 Rc8+ 39. Kxd3 Ke6 40. Rc5 Rg8 41. Rc6+ Ke5 42. Rxa6 Rg3+ 43. Ke2 f5 44. h5 Ke4 45. h6 Rg2+ 46. Kf1 Rh2 47. Kg1 Rh4 48. b5 f4 49. b6 Kf3 50. b7 Rg4+ 51. Kf1 Rh4 52. Rg6 1-0

[Event "FIDE World Rapid-ch Open 2018"]
[White "Zhigalko, Andrey"]
[Black "Makoveev, Ilya"]
[Site "St. Petersburg"]
[Round "15.71"]
[Annotator "ChessBase"]
[Result "0-1"]
[Date "2018.12.28"]
[WhiteElo "2545"]
[BlackElo "2257"]
[PlyCount "96"]
[TimeControl "900+10"]

1. e4 c5 2. Nf3 d6 3. d4 cxd4 4. Qxd4 Nf6 5. Bg5 Nc6 6. Bb5 Nd7 7. Qc3 Qb6 8. Be2 Nc5 9. Nbd2 Qb4 10. Qxb4 Nxb4 11. 0-0 Ne6 12. c3 Nxg5 13. cxb4 Nxf3+ 14. Nxf3 e6 15. Rac1 Be7 16. Rc7 Bd8 17. Bb5+ Kf8 18. Rc2 a6 19. Rfc1 Ke7 20. Rxc8 Rxc8 21. Rxc8 axb5 22. Rb8 Kd7 23. Rxb7+ Kc6 24. Rb8 e5 25. Kf1 Rf8 26. Ke2 Be7 27. Rxf8 Bxf8 28. Kd3 f6 29. a3 g6 30. g4 d5 31. g5 f5 32. Nxe5+ Kd6 33. Nf7+ Ke7 34. Ne5 Kd6 35. f4 fxe4+ 36. Kd4 Bg7 37. b3 Ke6 38. a4 bxa4 39. bxa4 Kf5 40. Kxd5 Bxe5 41. fxe5 e3 42. a5 e2 43. a6 e1=Q 44. b5 Qxe5+ 45. Kc6 Qb8 46. b6 Qa8+ 47. Kb5 Kxg5 48. b7 Qa7 0-1

[Event "FIDE World Rapid-ch Open 2018"]
[White "Novikov, Stanislav"]
[Black "Kabanov, Nikolai"]
[Site "St. Petersburg"]
[Round "15.72"]
[Annotator "ChessBase"]
[Result "1-0"]
[Date "2018.12.28"]
[WhiteElo "2540"]
[BlackElo "2450"]
[PlyCount "77"]
[TimeControl "900+10"]

1. e4 e5 2. Nf3 d6 3. Bc4 Nf6 4. d3 Be7 5. Nc3 c6 6. Bb3 a5 7. a3 Na6 8. Ne2 Nc5 9. Ba2 0-0 10. 0-0 Nh5 11. Be3 Qc7 12. Nc3 Nf6 13. h3 b5 14. Ne2 Ne6 15. Ng3 d5 16. Re1 dxe4 17. dxe4 Rd8 18. Qe2 h6 19. Rad1 Ba6 20. Nh4 b4 21. Qf3 bxa3 22. bxa3 Rxd1 23. Rxd1 Rd8 24. Rb1 Nd4 25. Bxd4 exd4 26. Nhf5 d3 27. cxd3 Bxd3 28. Rd1 Bc2 29. Nxe7+ Qxe7 30. Rxd8+ Qxd8 31. e5 Nd5 32. Ne2 Bd1 33. Bb3 Bxe2 34. Qxe2 Qg5 35. e6 Qc1+ 36. Kh2 fxe6 37. Qxe6+ Kh8 38. Qc8+ Kh7 39. Bxd5 1-0

[Event "FIDE World Rapid-ch Open 2018"]
[White "Khismatullin, Denis"]
[Black "Sanikidze, Tornike"]
[Site "St. Petersburg"]
[Round "15.73"]
[Annotator "ChessBase"]
[Result "0-1"]
[Date "2018.12.28"]
[WhiteElo "2621"]
[BlackElo "2507"]
[PlyCount "98"]
[TimeControl "900+10"]

1. c4 e6 2. Nf3 Nf6 3. Nc3 d5 4. e3 a6 5. b3 Be7 6. Bb2 0-0 7. Rc1 Ne4 8. h4 Bf6 9. d4 Nxc3 10. Bxc3 Nd7 11. Qc2 Re8 12. Bd3 Nf8 13. Ng5 g6 14. Nf3 b6 15. h5 Bb7 16. hxg6 hxg6 17. e4 c5 18. dxc5 d4 19. Bb4 Qe7 20. e5 Bg7 21. Be4 Bxe4 22. Qxe4 Nd7 23. Ke2 Nxc5 24. Qxd4 Nxb3 25. axb3 Qxb4 26. Qe3 a5 27. Rh4 a4 28. bxa4 Rxa4 29. Kf1 Qb2 30. Kg1 Rea8 31. Rd4 Ra3 32. Qd2 Qxd2 33. Nxd2 Bxe5 34. Rd7 Ra1 35. Rf1 R8a2 36. Nf3 Bf6 37. Rb7 Rxf1+ 38. Kxf1 Rb2 39. g4 g5 40. Rc7 Rc2 41. Rc6 Be7 42. Rxb6 Bc5 43. Rb8+ Kg7 44. Nxg5 Rxf2+ 45. Ke1 Rf4 46. Rb5 Be7 47. Nh3 Rxg4 48. c5 Re4+ 49. Kd2 Re5 0-1

[Event "FIDE World Rapid-ch Open 2018"]
[White "Kovalev, Vladislav"]
[Black "Lobanov, Sergei"]
[Site "St. Petersburg"]
[Round "15.74"]
[Annotator "ChessBase"]
[Result "1/2-1/2"]
[Date "2018.12.28"]
[WhiteElo "2683"]
[BlackElo "2526"]
[PlyCount "148"]
[TimeControl "900+10"]

1. e4 c6 2. Nc3 d5 3. Nf3 Bg4 4. h3 Bxf3 5. Qxf3 e6 6. Be2 Nd7 7. 0-0 g6 8. d4 Bg7 9. Rd1 Ne7 10. Bf1 0-0 11. Ne2 Qb6 12. c3 c5 13. exd5 Nxd5 14. g3 cxd4 15. Nxd4 Rac8 16. Bg2 Ne5 17. Qe2 Nc4 18. h4 Rfd8 19. h5 Rd7 20. hxg6 hxg6 21. Nf3 Bf6 22. Re1 Kg7 23. Qc2 Qc7 24. Qe4 b5 25. a3 a5 26. Bf1 Qb6 27. Nd4 Nd6 28. Qf3 Bxd4 29. cxd4 Qxd4 30. Rb1 Qf6 31. Qe2 Qf5 32. b3 Kg8 33. Rb2 b4 34. axb4 axb4 35. Rd2 Nc3 36. Qe3 Rcd8 37. Rd4 Nd5 38. Qh6 Qf6 39. Rh4 Nf5 40. Qh7+ Kf8 41. Rg4 Qg7 42. Qh1 Kg8 43. Bg5 Rc8 44. Bc4 Nf6 45. Rf4 Nh5 46. Rfe4 Nhxg3 47. fxg3 Nxg3 48. Qf3 Nxe4 49. Rxe4 Qc3 50. Re3 Qa1+ 51. Kg2 Rd2+ 52. Re2 Rxe2+ 53. Bxe2 Qe5 54. Bf6 Qd5 55. Bc4 Qxf3+ 56. Kxf3 Kf8 57. Ke4 Rb8 58. Kd4 Ke8 59. Kc5 Ra8 60. Kxb4 Kd7 61. Kc5 Rc8+ 62. Kd4 Kc6 63. b4 Rb8 64. Be7 Rb7 65. Bc5 g5 66. Ke5 Rd7 67. Be3 Rb7 68. Bd2 g4 69. Kf4 Rd7 70. Be3 Rb7 71. Bc5 f5 72. Bxe6 Rb5 73. Bf8 Rb8 74. Bc5 Rb5 1/2-1/2

[Event "FIDE World Rapid-ch Open 2018"]
[White "Tissir, Mohamed"]
[Black "Frolyanov, Dmitry"]
[Site "St. Petersburg"]
[Round "15.75"]
[Annotator "ChessBase"]
[Result "1/2-1/2"]
[Date "2018.12.28"]
[WhiteElo "2387"]
[BlackElo "2517"]
[PlyCount "71"]
[TimeControl "900+10"]

1. e4 c5 2. Nc3 Nc6 3. Bb5 Nd4 4. Bc4 e6 5. Nge2 a6 6. Nxd4 cxd4 7. Ne2 b5 8. Bb3 Bc5 9. 0-0 Ne7 10. d3 0-0 11. a4 b4 12. Ng3 Bb7 13. Qh5 Rc8 14. Bd2 Kh8 15. Rae1 f5 16. f3 a5 17. Kh1 Bd6 18. Ne2 Qb6 19. Bf4 Ng6 20. Bxd6 Qxd6 21. Qg5 Rc5 22. Qg3 f4 23. Qf2 e5 24. Rg1 Rcc8 25. g3 fxg3 26. Rxg3 Nf4 27. Reg1 g6 28. Nxf4 Rxf4 29. Rg4 Rcf8 30. Qh4 Rxg4 31. Qxg4 Qf6 32. Rf1 d6 33. Qe6 Bc6 34. Qxf6+ Rxf6 35. Kg2 Kg7 36. Rc1 1/2-1/2

[Event "FIDE World Rapid-ch Open 2018"]
[White "Shinkevich, Vitaly"]
[Black "Usmanov, Vasily"]
[Site "St. Petersburg"]
[Round "15.76"]
[Annotator "ChessBase"]
[Result "1-0"]
[Date "2018.12.28"]
[WhiteElo "2439"]
[BlackElo "2450"]
[PlyCount "57"]
[TimeControl "900+10"]

1. d4 Nf6 2. Nf3 e6 3. c4 Bb4+ 4. Nbd2 0-0 5. a3 Be7 6. e3 b6 7. Bd3 Bb7 8. 0-0 c5 9. b3 Nc6 10. Bb2 cxd4 11. exd4 d5 12. Qe2 Re8 13. Rad1 Rc8 14. Rfe1 Bf8 15. Qe3 g6 16. h3 Bg7 17. Ba1 Qd6 18. c5 bxc5 19. dxc5 Qf8 20. b4 a6 21. Nb3 e5 22. Nxe5 d4 23. Bxd4 Nd5 24. Qg3 Nxd4 25. Nxd4 f5 26. Bc4 f4 27. Qf3 Rxc5 28. bxc5 Qxc5 29. Nb3 1-0

[Event "FIDE World Rapid-ch Open 2018"]
[White "Sokolin, Leonid"]
[Black "Zablotsky, Sergei"]
[Site "St. Petersburg"]
[Round "15.77"]
[Annotator "ChessBase"]
[Result "0-1"]
[Date "2018.12.28"]
[WhiteElo "2508"]
[BlackElo "2511"]
[PlyCount "86"]
[TimeControl "900+10"]

1. e4 d6 2. d4 Nf6 3. Nc3 e5 4. Nf3 Nbd7 5. Bc4 Be7 6. 0-0 0-0 7. Re1 c6 8. a4 exd4 9. Qxd4 Ne5 10. Be2 Qc7 11. Bf4 Nfd7 12. Rad1 a6 13. Bg3 b5 14. b4 Re8 15. Nh4 Bf6 16. Qd2 Nb6 17. Qxd6 Qxd6 18. Rxd6 Nec4 19. Rxf6 gxf6 20. a5 Nd7 21. Bxc4 bxc4 22. Nf5 Ne5 23. Nd6 Rd8 24. Rd1 Rb8 25. f4 Ng4 26. e5 Rxb4 27. Bh4 Rb2 28. Rd2 Bf5 29. h3 Ne3 30. Bxf6 Rd7 31. Re2 Nd5 32. Nxf5 Nxc3 33. Re3 Rxc2 34. Kh2 Rd3 35. Re1 Nd5 36. Bg5 Rdd2 37. Rg1 c3 38. Bh6 Rxg2+ 39. Rxg2+ Rxg2+ 40. Kxg2 c2 41. Ne7+ Nxe7 42. f5 Nxf5 43. Bf4 Nd4 0-1

[Event "FIDE World Rapid-ch Open 2018"]
[White "Belyakov, Bogdan"]
[Black "Khusnutdinov, Rustam"]
[Site "St. Petersburg"]
[Round "15.78"]
[Annotator "ChessBase"]
[Result "0-1"]
[Date "2018.12.28"]
[WhiteElo "2459"]
[BlackElo "2470"]
[PlyCount "104"]
[TimeControl "900+10"]

1. e4 e6 2. d4 d5 3. Nc3 Nf6 4. Bg5 Be7 5. e5 Nfd7 6. h4 Nc6 7. Nf3 Nb6 8. Qd2 Bd7 9. a3 f6 10. exf6 gxf6 11. Be3 Bd6 12. Nb5 Qe7 13. 0-0-0 0-0-0 14. Kb1 Kb8 15. h5 Rhg8 16. h6 Be8 17. Nxd6 cxd6 18. g3 Rc8 19. Nh4 a6 20. Re1 Na7 21. Qa5 Qc7 22. Bd3 Bb5 23. Rc1 Nc6 24. Qd2 Bxd3 25. cxd3 Na4 26. b3 Nb6 27. Rhe1 Qd7 28. Kb2 Na8 29. Ng2 Nc7 30. Nf4 e5 31. Nh5 Qf7 32. Rxc6 bxc6 33. Ng7 exd4 34. Bf4 Qd7 35. Qb4+ Nb5 36. a4 c5 37. Qa5 Nc3 38. Qb6+ Ka8 39. Qxa6+ Qa7 40. Qxa7+ Kxa7 41. Re7+ Kb6 42. Nf5 Rce8 43. Rxh7 Re2+ 44. Kc1 Na2+ 45. Kd1 Nc3+ 46. Kc1 Re1+ 47. Kc2 Rge8 48. Bd2 R8e2 49. a5+ Ka6 50. Re7 Rxe7 51. Bxe1 Rxe1 52. h7 Re8 0-1

[Event "FIDE World Rapid-ch Open 2018"]
[White "Lintchevski, Daniil"]
[Black "Apryshko, Gleb"]
[Site "St. Petersburg"]
[Round "15.79"]
[Annotator "ChessBase"]
[Result "1-0"]
[Date "2018.12.28"]
[WhiteElo "2516"]
[BlackElo "2385"]
[PlyCount "59"]
[TimeControl "900+10"]

1. e4 e5 2. Nf3 Nc6 3. Nc3 Nf6 4. a3 d5 5. Bb5 Nxe4 6. Qe2 Qd6 7. Nxe4 dxe4 8. Qxe4 Bd7 9. d3 f6 10. 0-0 a6 11. Ba4 0-0-0 12. b4 Ne7 13. Bxd7+ Rxd7 14. a4 Qc6 15. Qe2 Qc3 16. Rb1 Nd5 17. Rb3 Qc6 18. b5 Qb6 19. bxa6 Qxa6 20. Bd2 Bc5 21. Rfb1 c6 22. c4 Ne7 23. Be3 Qa7 24. Bxc5 Qxc5 25. Qb2 Qa7 26. a5 Rhd8 27. Ne1 c5 28. a6 Qxa6 29. Ra1 Qc6 30. Rb6 1-0

[Event "FIDE World Rapid-ch Open 2018"]
[White "Gabrielian, Artur"]
[Black "Borisenko, Viacheslav"]
[Site "St. Petersburg"]
[Round "15.80"]
[Annotator "ChessBase"]
[Result "1/2-1/2"]
[Date "2018.12.28"]
[WhiteElo "2499"]
[BlackElo "2289"]
[PlyCount "150"]
[TimeControl "900+10"]

1. e4 c5 2. Nc3 e6 3. Nf3 Nc6 4. d4 cxd4 5. Nxd4 Nf6 6. a3 Be7 7. Be3 0-0 8. Be2 d5 9. exd5 Nxd5 10. Nxd5 exd5 11. 0-0 Bf6 12. c3 Re8 13. Re1 Ne5 14. Qb3 Nc4 15. Bxc4 dxc4 16. Qxc4 Bxd4 17. Bxd4 Bf5 18. Qb5 Rxe1+ 19. Rxe1 Qd7 20. Qe2 a6 21. h3 f6 22. Qf3 Bg6 23. Qg3 Re8 24. Rxe8+ Qxe8 25. Qc7 Be4 26. f3 Bc6 27. Kf2 h6 28. Qf4 Qg6 29. Qd2 Bb5 30. g4 Qb1 31. Kg3 Qd3 32. Qf4 Bc6 33. Qe3 Qxe3 34. Bxe3 Kf7 35. f4 f5 36. c4 Ke6 37. Bd4 g6 38. Kh4 Bg2 39. b3 h5 40. Kg3 Bf1 41. gxh5 gxh5 42. a4 Kd6 43. a5 Ke6 44. Be5 Kd7 45. Bd4 Kc6 46. Kh4 Kd6 47. Be3 Kc6 48. b4 Kd6 49. b5 Kc7 50. Bc5 Kd7 51. Bd4 Kc7 52. Be5+ Kd7 53. Bb8 Kc8 54. Ba7 Kc7 55. Bd4 Kd6 56. c5+ Kc7 57. Be5+ Kc8 58. bxa6 bxa6 59. c6 Kd8 60. Bd6 Kc8 61. Be5 Kd8 62. c7+ Kd7 63. Kg3 Kc8 64. h4 Be2 65. Kf2 Bd1 66. Ke3 Bg4 67. Kd3 Bh3 68. Kd4 Bg4 69. Kd5 Bh3 70. Ke6 Bg4 71. Ke7 Bh3 72. Kf6 Bg4 73. Bd6 Bh3 74. Kg5 Bg4 75. Be5 Kd7 1/2-1/2

[Event "FIDE World Rapid-ch Open 2018"]
[White "Rechlis, Gad"]
[Black "Zubritskiy, Artyom"]
[Site "St. Petersburg"]
[Round "15.81"]
[Annotator "ChessBase"]
[Result "0-1"]
[Date "2018.12.28"]
[WhiteElo "2521"]
[BlackElo "2442"]
[PlyCount "40"]
[TimeControl "900+10"]

1. e4 c5 2. Nc3 d6 3. f4 Nc6 4. Nf3 g6 5. Bc4 Bg7 6. 0-0 Nf6 7. d3 0-0 8. Qe1 Nd4 9. Qh4 e6 10. f5 d5 11. fxg6 fxg6 12. exd5 exd5 13. Nxd5 Nxd5 14. Bg5 Qd7 15. Nxd4 Bxd4+ 16. Kh1 Rxf1+ 17. Rxf1 b5 18. Bb3 Bb7 19. c3 Bg7 20. Be7 c4 0-1

[Event "FIDE World Rapid-ch Open 2018"]
[White "Golubov, Saveliy"]
[Black "Sharma, Dinesh K."]
[Site "St. Petersburg"]
[Round "15.82"]
[Annotator "ChessBase"]
[Result "1/2-1/2"]
[Date "2018.12.28"]
[WhiteElo "2482"]
[BlackElo "2295"]
[PlyCount "57"]
[TimeControl "900+10"]

1. e4 e6 2. b3 a5 3. Bb2 a4 4. bxa4 d5 5. exd5 exd5 6. Nf3 Nf6 7. Bd3 Be7 8. h3 0-0 9. 0-0 Nbd7 10. Nc3 Nc5 11. Be2 Nxa4 12. Nxa4 Rxa4 13. c4 Ra8 14. a4 h6 15. a5 c6 16. a6 Rxa6 17. Rxa6 bxa6 18. Ne5 Qb6 19. Qa1 Be6 20. cxd5 Bxd5 21. Ng4 Qd8 22. Bxa6 Nxg4 23. hxg4 Qd7 24. Be2 f6 25. Qc1 Re8 26. Re1 Bd6 27. Bf3 Rxe1+ 28. Qxe1 Bxf3 29. gxf3 1/2-1/2